 Dungeon Sprint DCSS version 0.28-a0-422-gd71735cc25 (webtiles) character file.

Game seed: 13455472476667116388

1273 Lochraine the Fighter (level 8, -8/129 HPs)
             Began as a Minotaur Berserker on Sept 8, 2021.
             Was an Elder of Trog.
             Shot with an arrow by a centaur warrior (19 damage)
             ... in the Dungeon (Sprint I: "Red Sonja").
             The game lasted 00:02:55 (718 turns).

Lochraine the Fighter (Minotaur Berserker)           Turns: 718, Time: 00:02:56

Health: -8/129     AC: 10    Str: 22    XL:     8   Next: 28%
Magic:  7/7        EV: 13    Int:  4    God:    Trog [****..]
Gold:   405        SH:  0    Dex: 12    Spells: 7/7 levels left

rFire   . . .      SeeInvis .   a - +0 falchion
rCold   . . .      Faith    .   (no shield)
rNeg    . . .      Spirit   .   i - +0 scale mail
rPois   .          Reflect  .   (helmet restricted)
rElec   .          Harm     .   (no cloak)
rCorr   .          Rampage  .   (no gloves)
Will    .....      NoTele   +   j - +1 pair of boots
Stlth   ..........              (no amulet)
HPRegen 0.31/turn               (no ring)
MPRegen 0.10/turn               (no ring)

@: berserking, very quick
A: horns 2, retaliatory headbutt
a: Renounce Religion, Berserk, Trog's Hand, Brothers in Arms


You were in the Dungeon.
You worshipped Trog.
Trog was greatly pleased with you.
You visited 1 branch You collected 405 gold pieces.

Inventory:

Hand Weapons
 a - a +0 falchion (weapon)
Armour
 b - a +0 animal skin
 i - a +0 scale mail (worn)
   (You took it off Ijyb in the Dungeon)
 j - a +1 pair of boots (worn)
   (You found it in the Dungeon)
Scrolls
 h - a scroll of blinking
Potions
 c - a potion of curing {@q1}
 e - a potion of haste {@q3}
 f - 2 potions of magic


   Skills:
 + Level 13.1 Fighting
 - Level 12.6 Long Blades
 - Level 8.4 Armour
 * Level 9.2 Dodging


You had 7 spell levels left.
You didn't know any spells.
Your spell library was empty.

Dungeon Overview and Level Annotations

Branches:
Dungeon (1/1)

Altars:
Cheibriados
Dithmenos
Elyvilon
Fedhas
Gozag
Hepliaklqana
Kikubaaqudgha
Makhleb
Nemelex Xobeh
Okawaru
Qazlal
Ru
Sif Muna
Trog
Uskayaw
Vehumet
Wu Jian
Xom
Yredelemnul
Zin
The Shining One
Jiyva
Lugonu

Shops:
D (


Innate Abilities, Weirdness & Mutations

You have a pair of horns on your head.
You reflexively headbutt those who attack you in melee.


Message History

The centaur warrior shoots an arrow.
The arrow hits you!!
* * * LOW HITPOINT WARNING * * *
Okay, then.
You feel much better. The centaur warrior hits you.
* * * LOW HITPOINT WARNING * * *
The centaur warrior kicks you but does no damage.
The centaur warrior shoots an arrow.
The arrow hits you!
* * * LOW HITPOINT WARNING * * *
A red film seems to cover your vision as you go berserk!
You feel yourself moving faster!
You feel mighty! The centaur warrior hits you.
* * * LOW HITPOINT WARNING * * *
The centaur warrior barely misses you.
The centaur warrior shoots an arrow.
The arrow hits you!
* * * LOW HITPOINT WARNING * * *
The centaur warrior hits you!
* * * LOW HITPOINT WARNING * * *
The centaur warrior misses you.
The centaur warrior shoots an arrow.
The arrow closely misses you.
Your unstable footing causes you to fumble your attack.
Your unstable footing causes you to fumble your attack.
The centaur warrior hits you but does no damage.
The centaur warrior kicks you but does no damage.
Your unstable footing causes you to fumble your attack.
The centaur warrior unwields a +0 shortbow.
The centaur warrior hits you!
* * * LOW HITPOINT WARNING * * *
The centaur warrior kicks you but does no damage.
The centaur warrior barely misses you.
The centaur warrior kicks you but does no damage.
Your unstable footing causes you to fumble your attack.
The centaur warrior hits you but does no damage.
The centaur warrior kicks you but does no damage.
The centaur warrior barely misses you. You furiously retaliate!
You headbutt the centaur warrior!
The centaur warrior kicks you but does no damage.
You slash the centaur warrior! You closely miss the centaur warrior.
The centaur warrior closely misses you. The centaur warrior misses you.
The centaur warrior hits you but does no damage.
The centaur warrior kicks you but does no damage.
You slice the centaur warrior!! The centaur warrior hits you.
* * * LOW HITPOINT WARNING * * *
The centaur warrior completely misses you.
The centaur warrior hits you but does no damage.
The centaur warrior kicks you but does no damage.
You slash the centaur warrior!
Your headbutt misses the centaur warrior.
The centaur warrior wields a +0 shortbow.
The centaur warrior shoots an arrow.
The arrow hits you!!
You die...

#######################
#..)..#.)'..#__#..)...#
').#..'..#..'..'..#)..#
#####'#####'#__####...+
####..#...#(####@c#####
#__####..##§#≈§§§§#
#_____##'#§§§§§§c.+
#_.∩...'..§_#§§§§§#
#_..__##_.#'##+####
#_____###+#)# #######
###


You could see 2 centaur warriors.

Vanquished Creatures
  2 kobold demonologists (D)
  A slime creature (D)
  Sigmund (D)
  A yak (D)
  A floating eye (D)
  An ogre (D)
  A jelly (D)
  Ijyb (D)
9 creatures vanquished.

Vanquished Creatures (others)
  2 hornets (D)
2 creatures vanquished.

Grand Total: 11 creatures vanquished

Notes
Turn   | Place    | Note
-------+----------+-------------------------------------------
     0 | D        | Lochraine the Minotaur Berserker began the quest for the
                  | Orb.
     0 | D        | Reached XP level 1. HP: 19/19 MP: 0/0
     1 | D        | Noticed Ijyb
     9 | D        | Killed Ijyb
    10 | D        | Reached skill level 6 in Fighting
    10 | D        | Reached XP level 2. HP: 30/30 MP: 1/1
    68 | D        | Noticed an ogre
    71 | D        | Killed an ogre
    72 | D        | Reached skill level 8 in Fighting
    72 | D        | Reached XP level 3. HP: 41/41 MP: 2/2
    72 | D        | Reached XP level 4. HP: 49/49 MP: 3/3
   223 | D        | Noticed Sigmund
   229 | D        | Killed Sigmund
   229 | D        | Reached ** piety under Trog
   230 | D        | Reached skill level 11 in Fighting
   230 | D        | Reached XP level 5. HP: 60/60 MP: 4/4
   230 | D        | Reached XP level 6. HP: 68/68 MP: 5/5
   291 | D        | Found a shimmering blue altar of Sif Muna.
   292 | D        | Found an ornate altar of the Wu Jian Council.
   293 | D        | Found a radiant altar of Vehumet.
   411 | D        | Found a burning altar of Makhleb.
   411 | D        | Found a shimmering altar of Xom.
   411 | D        | Noticed a slime creature
   416 | D        | Killed a slime creature
   417 | D        | Reached skill level 12 in Fighting
   445 | D        | Found a viscous altar of Jiyva.
   445 | D        | Found a corrupted altar of Lugonu.
   472 | D        | Found Xatarghufi's Weapon Emporium.
   472 | D        | Found an ancient bone altar of Kikubaaqudgha.
   472 | D        | Found a hazy altar of Hepliaklqana.
   472 | D        | Found a hide-covered altar of Uskayaw.
   472 | D        | Found a basalt altar of Yredelemnul.
   472 | D        | Found an opulent altar of Gozag.
   472 | D        | Found a snail-covered altar of Cheibriados.
   472 | D        | Found a sacrificial altar of Ru.
   472 | D        | Found a shadowy altar of Dithmenos.
   472 | D        | Noticed a yak
   477 | D        | Killed a yak
   477 | D        | Reached *** piety under Trog
   478 | D        | Reached skill level 5 in Armour
   478 | D        | Reached XP level 7. HP: 78/78 MP: 6/6
   493 | D        | Killed a hornet
   530 | D        | Found a stormy altar of Qazlal.
   530 | D        | Found a blossoming altar of Fedhas.
   530 | D        | Found a bloodstained altar of Trog.
   530 | D        | Found an iron altar of Okawaru.
   530 | D        | Found a glowing golden altar of the Shining One.
   530 | D        | Found a glowing silver altar of Zin.
   530 | D        | Found a white marble altar of Elyvilon.
   531 | D        | Found a sparkling altar of Nemelex Xobeh.
   560 | D        | Noticed a kobold demonologist
   560 | D        | Noticed a kobold demonologist
   564 | D        | Reached skill level 5 in Dodging
   566 | D        | Killed a kobold demonologist
   567 | D        | Reached XP level 8. HP: 85/85 MP: 7/7
   567 | D        | Noticed a rust devil
   570 | D        | Killed a kobold demonologist
   570 | D        | Reached **** piety under Trog
   571 | D        | Reached skill level 13 in Fighting
   678 | D        | Killed a hornet
   704 | D        | Noticed a centaur warrior
   704 | D        | Noticed a centaur warrior
   718 | D        | Shot with an arrow by a centaur warrior

Illustrated notes

Levels and vault maps discovered:
D:        dungeon_sprint_1 [red_sonja_temple_1, red_sonja_temple_small_1]

Skill      XL: |  1  2  3  4  5  6  7  8 |
---------------+-------------------------+-----
Fighting       | 6 8 11 12 13 | 13.1
Long Blades    | 6 8 11 12 | 12.6
Armour         | 5 8 |  8.4
Dodging        | 4 7 9 |  9.2

Action                   |  1- 3 |  4- 6 |  7- 9 || total
-------------------------+-------+-------+-------++-------
Melee: Falchion          |     8 |    13 |    15 ||    36
       Headbutt          |     2 |     2 |       ||     4
Invok: Berserk           |     2 |     4 |     1 ||     7
       Trog's Hand       |       |       |     1 ||     1
  Use: Potion            |       |       |     2 ||     2
Armor: Animal skin       |     1 |       |       ||     1
       Scale mail        |       |       |    14 ||    14
Dodge: Dodged            |     3 |     4 |     9 ||    16

Table legend: (Time is in decaauts)
 A = Elapsed time spent in this place.
 B = Non-inter-level travel time spent in this place.
 C = Inter-level travel time spent in this place.
 D = Time resting spent in this place.
 E = Time spent auto-exploring this place.
 F = Levels seen in this place.
 G = Mean time per level.
                   A        B        C        D        E       F      G
               +--------+--------+--------+--------+--------+-----+--------+
         Total |    778 |    778 |      0 |    584 |      0 |   1 |  778.0 |
       Dungeon |    778 |    778 |      0 |    584 |      0 |   1 |  778.0 |
               +--------+--------+--------+--------+--------+-----+--------+

Top non-repeatable levels by time:
       D: 778 daAuts
